 Dungeon Crawl Stone Soup version 0.26-a0-1205-g4083c211ab (webtiles) character file.

Game seed: 4342372073665885396

9 raceaflais the Magician (level 2, 0/24 HPs)
             Began as a Troll Hedge Wizard on Dec 29, 2020.
             Slain by an adder (3 damage)
             ... on level 2 of the Dungeon.
             The game lasted 00:01:19 (346 turns).

raceaflais the Magician (Troll Hedge Wizard)         Turns: 346, Time: 00:01:19

Health: 0/24       AC:  6    Str: 17    XL:     2   Next: 6%
Magic:  4/4        EV: 10    Int: 10    God:
Gold:   9          SH:  0    Dex:  9    Spells: 4/5 levels left

rFire    . . .     SeeInvis .   a - +0 dagger
rCold    . . .     Faith    .   (no shield)
rNeg     . . .     Spirit   .   b - +0 robe
rPois    .         Reflect  .   c - +0 hat
rElec    .         Harm     .   (no cloak)
rCorr    .         Rampage  .   (gloves unavailable)
Will     .....                  (boots unavailable)
Stlth    +.........             (no amulet)
HPRegen  0.48/turn              (no ring)
MPRegen  0.09/turn              (no ring)

@: lethally poisoned (0 -> -3)
A: large, unfitting armour, claws 3, regeneration 1, shaggy fur 1, tough skin 3
a: no special abilities


You were on level 2 of the Dungeon.
You visited 1 branch of the dungeon, and saw 2 of its levels.

You collected 9 gold pieces.

Inventory:

Hand Weapons
 a - a +0 dagger (weapon)
 e - a +0 mace
Missiles
 d - 2 throwing nets
 g - 5 stones
 j - 17 arrows
Armour
 b - a +0 robe (worn)
 c - a +0 hat (worn)
Scrolls
 f - a scroll of enchant weapon {unknown}
 h - a scroll of remove curse {unknown}
Potions
 i - a potion of haste {unknown}


   Skills:
 + Level 1.5 Dodging
 + Level 1.0 Stealth
 + Level 2.3 Spellcasting
 + Level 0.6 Conjurations
 + Level 0.6 Summonings
 + Level 0.6 Translocations


You had 4 spell levels left.
You knew the following spells:

 Your Spells              Type           Power        Failure   Level
a - Magic Dart            Conj           8%           24%         1

Your spell library contained the following spells:

 Spells                   Type           Power        Failure   Level
 Blink                    Tloc           N/A          34%         2
 Call Imp                 Summ           2%           34%         2
 Slow                     Hex            1%           43%         2
 Conjure Flame            Conj/Fire      1%           63%         3
 Mephitic Cloud           Conj/Pois/Air  1%           63%         3


Dungeon Overview and Level Annotations

Branches:
Dungeon (2/15)

Altars:


Innate Abilities, Weirdness & Mutations

You are too large for most types of armour.
You have claws for hands.
Your natural rate of healing is unusually fast.
You are covered in fur. (AC +1)
You have extremely tough skin. (AC +3)


Message History

The adder bites you but does no damage.
The frilled lizard bites you but does no damage.
You hit the frilled lizard.
You kill the frilled lizard!
You feel sick. The bat closely misses you. The adder barely misses you.
The bat hits you but does no damage.
The adder bites you but does no damage. x2
You see here a frilled lizard corpse.
You feel sick. The bat hits you but does no damage. The bat closely misses you.
The adder bites you but does no damage.
You closely miss the adder.
The adder is heavily wounded.
You feel sick. The bat barely misses you. The adder bites you.
* * * LOW HITPOINT WARNING * * *
You are lethally poisoned!
The adder poisons you!
You barely miss the adder.
The adder is heavily wounded.
* * * LOW HITPOINT WARNING * * *
You feel sick. The bat hits you but does no damage. The adder bites you.
You die...

##.....#####.#
###.###
#.>...# #.#
#.# ###.###
#.# #.#
#######.# ...
#.# #.......##
^.. #.#
#.#####..# ...
#.#
#####.#####
#.#
#?..b†S..(#
#.#
#[#.#@#.#(#
#.......#
###.#.### ..
.. #.# #.# ##
##


You could see an adder and a bat.

Vanquished Creatures
  A leopard gecko (D:1)
  3 bats
  A hobgoblin (D:1)
  A frilled lizard (D:2)
  A goblin (D:1)
  A kobold (D:2)
  2 rats (D:1)
10 creatures vanquished.

Notes
Turn   | Place    | Note
-------+----------+-------------------------------------------
     0 | D:1      | raceaflais the Troll Hedge Wizard began the quest for the
                  | Orb.
     0 | D:1      | Reached XP level 1. HP: 16/16 MP: 2/2
   321 | D:2      | Reached XP level 2. HP: 23/24 MP: 4/4
   346 | D:2      | Slain by an adder

Illustrated notes

Levels and vault maps discovered:
D:1:      scummos_arrival_checkerplants, layout_rooms, okawaru_ov_weapons_minmay
D:2:      minmay_spotlight, layout_loops_ring

Action                   || total
-------------------------++-------
Melee: Dagger            ||    59
  Use: Scroll            ||     3
 Stab: Sleeping          ||     1
Armor: Robe              ||    41
Dodge: Dodged            ||    46

Table legend: (Time is in decaauts)
 A = Elapsed time spent in this place.
 B = Non-inter-level travel time spent in this place.
 C = Inter-level travel time spent in this place.
 D = Time resting spent in this place.
 E = Time spent auto-exploring this place.
 F = Levels seen in this place.
 G = Mean time per level.
                   A        B        C        D        E       F      G
               +--------+--------+--------+--------+--------+-----+--------+
         Total |    345 |    298 |     47 |    112 |     91 |   2 |  172.5 |
       Dungeon |    345 |    298 |     47 |    112 |     91 |   2 |  172.5 |
               +--------+--------+--------+--------+--------+-----+--------+

Top non-repeatable levels by time:
     D:2: 224 daAuts
     D:1: 121 daAuts
